Map: [TLMC15] Berlingrad

Players

ByuN - Winner!

  • Race: Terran Terran

DPGZest (Zest)

  • Race: Protoss Protoss

Event: StayAtHome Story Cup #4

VOD

Have the link to the VOD?

Description

Time

  • Played on: Oct. 24, 2021, 9:38 a.m.
  • Length: 18:44

All games in this series

Show
View Real Time Build Order
Export as new Build Order

ByuN Terran - Winner!

Build Orders: 1/1/1 

Get SALT Encoding   

  12  0:00  SCV  
  13  0:12  SCV  
  14  0:17  Supply Depot  
  14  0:24  SCV  
  15  0:38  SCV  
  15  0:39  Barracks  
  16  0:43  Refinery  
  16  0:51  SCV  
  16  0:52  Refinery  
  17  1:03  SCV  
  18  1:15  SCV  
  19  1:26  Marine  
  19  1:27  Orbital Command  
  19  1:32  Factory  
  20  1:45  Barracks Reactor  
  20  1:46  Supply Depot  
  20  1:53  SCV  
  21  2:05  SCV  
  22  2:15  Starport  
  22  2:17  SCV  
  22  2:20  Supply Depot  
  23  2:25  Hellion x2  
  23  2:29  SCV  
  28  2:43  SCV  
  29  2:46  Hellion  
  29  2:47  Hellion  
  33  2:51  Medivac  
  35  3:14  Supply Depot  
  35  3:15  SCV, Command Center  
  35  3:18  Marine  
  35  3:19  Marine  
  38  3:22  Factory Tech Lab  
  38  3:27  SCV  
  38  3:28  Starport Tech Lab  
  39  3:36  Marine  
  39  3:37  Supply Depot, Marine  
  39  3:41  SCV  
  42  3:53  SCV, Siege Tank  
  46  3:59  Raven  
  48  4:03  Marine x2  
  48  4:05  SCV  
  49  4:17  SCV  
  49  4:21  Marine x2  
  46  4:25  Bunker  
  46  4:29  SCV  
  46  4:30  Siege Tank  
  48  4:36  Orbital Command  
  48  4:41  SCV  
  48  4:42  Marine  
  48  4:44  Marine  
  51  4:53  SCV  
  51  4:57  Barracks  
  52  5:02  Marine, Siege Tank  
  52  5:03  Marine  
  52  5:05  SCV  
  52  5:07  SCV  
  59  5:15  Engineering Bay  
  59  5:17  SCV  
  59  5:19  SCV  
  61  5:24  Supply Depot, Marine x2  
  63  5:29  SCV  
  63  5:31  SCV  
  63  5:32  Refinery  
  65  5:39  Siege Tank  
  65  5:42  SCV, Marine  
  70  5:45  SCV, Marine  
  70  5:49  Barracks Tech Lab  
  72  5:51  Barracks  
  72  5:54  SCV  
  73  5:57  SCV  
  73  5:59  Marine  
  73  6:03  Marine  
  66  6:06  SCV  
  66  6:08  Marine  
  66  6:09  SCV  
  64  6:11  Siege Tank  
  64  6:17  Marine  
  64  6:18  SCV  
  69  6:20  Bunker  
  69  6:21  Terran Infantry Weapons Level 1  
  62  6:25  SCV  
  62  6:30  SCV  
  62  6:32  Marauder, Marine  
  62  6:35  Marine  
  62  6:38  SCV  
  59  6:42  SCV  
  59  6:44  Siege Tank  
  59  6:50  SCV, Marine  
  59  6:54  SCV, Marine  
  59  6:55  Marauder  
  59  6:56  Bunker  
  62  7:02  SCV  
  62  7:06  SCV  
  62  7:08  Marine  
  65  7:14  SCV  
  62  7:18  SCV  
  53  7:22  Marine  
  53  7:23  Marine  
  53  7:27  SCV  
  53  7:29  Siege Tank  
  53  7:30  SCV  
  53  7:31  Marine x2, Medivac  
  53  7:32  Barracks  
  57  7:39  SCV  
  57  7:40  Marine  
  57  7:43  SCV  
  60  7:49  Marine  
  60  7:50  Marine x2  
  60  7:51  SCV  
  62  7:55  SCV  
  62  8:01  Refinery, Siege Tank  
  62  8:03  SCV, Starport Reactor  
  66  8:07  Supply Depot, SCV  
  66  8:08  Barracks Tech Lab x2  
  66  8:09  Marine x2  
  69  8:13  Missile Turret  
  69  8:15  SCV  
  69  8:18  Barracks  
  69  8:19  SCV  
  71  8:21  Supply Depot  
  71  8:23  Barracks Reactor  
  71  8:25  Barracks Tech Lab  
  71  8:27  SCV, Marine x2  
  71  8:29  Stimpack, Marauder  
  71  8:31  SCV  
  77  8:35  Barracks Tech Lab  
  77  8:39  SCV  
  78  8:41  Terran Infantry Armor Level 1  
  78  8:43  SCV, Refinery  
  78  8:45  Marine  
  78  8:46  Marine  
  81  8:59  Marauder x2  
  85  9:04  Siege Tank  
  85  9:06  Supply Depot  
  85  9:08  Barracks Tech Lab, Marine x3  
  85  9:09  Marine  
  92  9:17  Command Center  
  92  9:25  Medivac  
  92  9:28  Medivac  
  92  9:29  Supply Depot  
  96  9:33  Marine x4  
  100  9:39  Marauder  
  102  9:51  Marauder x2  
  108  9:53  Marine x2  
  108  9:58  Supply Depot, Marine x2  
  110  10:01  Supply Depot  
  110  10:02  Supply Depot  
  110  10:03  Medivac x2  
  114  10:09  Siege Tank  
  114  10:12  Combat Shield  
  117  10:17  Marine  
  117  10:19  Marine x2  
  120  10:31  Marauder x3  
  120  10:34  Orbital Command  
  126  10:39  Marine x3  
  129  10:44  Siege Tank  
  132  10:53  Medivac x2  
  132  10:57  Orbital Command  
  136  10:58  Marauder  
  136  11:02  Marauder  
  140  11:05  Marauder  
  140  11:06  Marine x2  
  144  11:13  Marine x2  
  145  11:26  Supply Depot  
  145  11:28  Marauder x3  
  151  11:36  Supply Depot  
  145  11:43  Marine x3  
  148  11:49  Marauder x2  
  148  11:50  Marauder  
  148  11:52  SCV, Sensor Tower  
  148  11:53  SCV x2  
  157  12:00  Missile Turret  
  157  12:04  SCV  
  157  12:05  SCV x2  
  160  12:11  Supply Depot  
  160  12:14  Marauder x2  
  160  12:15  Marauder  
  166  12:17  Marine x4  
  166  12:22  Missile Turret  
  170  12:27  Siege Tank  
  171  12:36  Marine x4, Marauder x3  
  181  12:41  Concussive Shells  
  181  13:03  Supply Depot  
  181  13:05  Supply Depot x2  
  181  13:17  Refinery x2  
  181  13:19  Marauder x2, Marine x4, Ghost Academy  
  179  13:20  Marauder  
  172  13:29  SCV x2  
  172  13:30  SCV  
  164  13:37  Marine x4  
  164  13:41  SCV x2, Marauder x3  
  150  13:42  SCV  
  149  13:53  SCV x2  
  149  13:55  Marine x2  
  151  14:02  Marauder x3  
  116  14:10  Marine x2  
  116  14:12  Marine  
  116  14:13  Marine  
  116  14:14  SCV  
  116  14:15  SCV x2  
  115  14:24  Marauder x3  
  121  14:26  SCV  
  121  14:27  SCV  
  121  14:31  Marine, Siege Tank  
  107  14:46  Marauder  
  107  14:47  Marine x2  
  107  14:49  Marauder, Marine  
  105  14:57  Ghost  
  107  15:03  Siege Tank  
  107  15:04  Enhanced Shockwaves  
  110  15:07  Ghost, Marine  
  110  15:09  Marine x2  
  110  15:10  Ghost, Marine  
  118  15:18  Medivac x2  
  118  15:19  Orbital Command  
  122  15:28  Marauder  
  122  15:29  Marine x4  
  128  15:36  Marauder  
  128  15:39  Marauder  
  132  15:49  SCV  
  130  15:50  Marauder  
  130  15:53  SCV x2  
  124  15:58  Marauder  
  124  16:00  Marine x2, Marauder  
  128  16:06  Marine x2  
  132  16:11  Marauder  
  132  16:13  Siege Tank  
  132  16:15  Missile Turret  
  132  16:16  SCV x3  
  132  16:18  Marine  
  139  16:19  Marauder  
  139  16:20  Marine  
  139  16:22  Marauder  
  139  16:24  Marine x2  
  139  16:25  Refinery  
  146  16:26  Refinery  
  146  16:28  SCV x3  
  149  16:33  Marauder  
  149  16:35  Marine  
  149  16:40  Marauder  
  149  16:43  Marauder  
  149  16:45  Siege Tank  
  156  16:53  Marine  
  156  16:54  Marine x3, Marauder  
  145  17:02  Marauder  
  145  17:04  Marauder  
  144  17:08  Medivac x2  
  147  17:15  Marauder  
  147  17:18  Siege Tank  
  135  17:23  Marauder  
  135  17:26  Marauder  
  107  17:37  Marauder  
  107  17:38  Marine x2  
  107  17:39  Marine, Medivac  
  107  17:40  Medivac  
  103  17:44  Marauder  
  103  17:45  Marine  
  103  17:47  Marauder  
  107  17:56  Marine x3  
  112  17:58  Marauder  
  112  18:04  Marine  
  111  18:06  Marauder  
  111  18:08  Marine  
  111  18:09  Medivac  
  111  18:10  Medivac  
  109  18:19  Marine x2  
  112  18:20  Marauder  
Show
View Real Time Build Order
Export as new Build Order

DPGZest Protoss 

Build Orders: 1 Gate Expand, Blink Stalkers 

Get SALT Encoding   

  12  0:00  Probe  
  13  0:12  Probe  
  14  0:17  Pylon  
  14  0:24  Probe (Chrono Boost)  
  15  0:36  Gateway, Probe (Chrono Boost)  
  16  0:44  Probe (Chrono Boost)  
  16  0:46  Assimilator  
  17  0:51  Probe  
  18  1:03  Probe  
  19  1:15  Probe  
  20  1:23  Cybernetics Core  
  20  1:33  Nexus  
  20  1:36  Probe  
  21  1:43  Pylon  
  21  1:49  Probe  
  21  1:52  Assimilator  
  22  1:54  Warp Gate  
  22  1:59  Adept (Chrono Boost)  
  22  2:01  Probe  
  25  2:13  Probe  
  26  2:19  Twilight Council  
  26  2:25  Probe  
  26  2:28  Stalker  
  29  2:37  Probe  
  29  2:43  Gateway  
  30  2:46  Probe  
  30  2:49  Probe  
  32  2:53  Blink (Chrono Boost)  
  32  2:58  Probe  
  33  3:07  Probe  
  33  3:10  Probe  
  35  3:19  Robotics Facility, Probe  
  36  3:23  Probe  
  37  3:28  Pylon  
  37  3:31  Probe  
  38  3:35  Probe  
  39  3:42  Stalker x2  
  39  3:43  Probe  
  39  3:47  Pylon, Probe  
  45  3:55  Probe  
  45  4:01  Probe  
  46  4:08  Stalker x2  
  49  4:10  Probe  
  49  4:13  Probe  
  46  4:20  Warp Prism (Chrono Boost)  
  46  4:23  Probe  
  47  4:25  Probe  
  48  4:32  Stalker x2  
  48  4:35  Gateway, Probe  
  54  4:39  Gateway  
  54  4:43  Pylon  
  53  4:53  Probe x2, Observer  
  53  4:56  Stalker  
  53  4:57  Stalker  
  60  5:03  Pylon  
  60  5:05  Probe x2  
  62  5:17  Probe  
  63  5:21  Stalker x2  
  65  5:40  Pylon  
  65  5:41  Assimilator  
  65  5:45  Stalker  
  65  5:46  Stalker x3  
  65  5:47  Observer  
  65  6:14  Stalker x3  
  65  6:15  Stalker, Probe x2  
  65  6:17  Pylon  
  75  6:19  Assimilator  
  69  6:27  Probe  
  62  6:48  Stalker x4  
  70  6:54  Probe x2  
  70  7:00  Gateway  
  72  7:02  Gateway  
  72  7:05  Gateway  
  72  7:12  Zealot x4  
  66  7:29  Probe x2  
  66  7:32  Gateway  
  66  7:36  Immortal (Chrono Boost)  
  66  7:37  Stalker x4  
  78  7:51  Charge (Chrono Boost)  
  78  7:54  Pylon  
  78  8:01  Stalker x3  
  78  8:02  Stalker x3, Zealot  
  92  8:06  Pylon  
  92  8:13  Forge  
  92  8:39  Stalker x7  
  92  8:41  Protoss Ground Weapons Level 1 (Chrono Boost)  
  106  8:44  Pylon  
  106  8:45  Pylon  
  105  8:58  Nexus  
  105  9:01  Pylon  
  105  9:08  Observer (Chrono Boost)  
  105  9:09  Sentry, Zealot x2  
  112  9:26  Observer (Chrono Boost)  
  112  9:28  Sentry x2, Zealot x3, Observer  
  123  9:43  Pylon  
  123  9:48  Pylon  
  123  9:59  Immortal (Chrono Boost)  
  123  10:05  Observer  
  127  10:10  Robotics Bay  
  127  10:11  Probe x2  
  129  10:17  Zealot x4  
  137  10:21  Assimilator  
  134  10:30  Immortal (Chrono Boost)  
  138  10:37  Probe x2  
  138  10:38  Probe  
  138  10:39  Assimilator, Protoss Ground Weapons Level 2 (Chrono Boost)  
  141  10:47  Colossus (Chrono Boost)  
  139  10:59  Colossus (Chrono Boost)  
  139  11:01  Extended Thermal Lance  
  139  11:04  Robotics Facility, Probe  
  146  11:15  Photon Cannon  
  146  11:16  Shield Battery  
  146  11:29  Observer  
  146  11:41  Stalker  
  146  11:45  Pylon  
  146  11:46  Pylon  
  148  11:48  Pylon  
  148  11:49  Pylon  
  148  12:00  Colossus (Chrono Boost), Pylon  
  148  12:01  Colossus (Chrono Boost)  
  148  12:02  Pylon  
  148  12:08  Dark Shrine  
  160  12:09  Observer  
  160  12:10  Zealot x2  
  164  12:20  Cybernetics Core  
  164  12:27  Probe x2  
  165  12:42  Zealot x2  
  165  12:43  Disruptor (Chrono Boost)  
  165  12:44  Disruptor (Chrono Boost)  
  171  13:03  Zealot x7  
  185  13:10  Disruptor (Chrono Boost)  
  185  13:11  Disruptor (Chrono Boost)  
  185  13:12  Protoss Ground Weapons Level 3  
  191  13:29  Dark Templar x3  
  189  13:38  Disruptor x2 (Chrono Boost)  
  133  13:53  Zealot x4  
  103  14:15  Stalker x6  
  115  14:22  Archon  
  115  14:39  Stalker x2, Zealot  
  115  14:40  Zealot x3  
  114  14:51  Observer  
  114  14:52  Observer  
  112  14:55  Sentry x2  
  112  14:57  Probe x2  
  112  14:59  Gateway  
  118  15:00  Gateway  
  118  15:02  Nexus  
  118  15:05  Dark Templar x2  
  118  15:06  Pylon, Dark Templar  
  124  15:07  Pylon  
  124  15:11  Disruptor  
  127  15:19  Probe  
  127  15:20  Probe x2  
  130  15:24  Dark Templar  
  130  15:25  Dark Templar  
  134  15:32  Archon  
  134  15:38  Stalker x2  
  136  15:44  Stalker  
  136  15:45  Stalker  
  139  15:52  Dark Templar  
  130  16:09  Immortal x2 (Chrono Boost)  
  130  16:18  Stalker x3  
  139  16:22  Sentry x2  
  136  16:55  Dark Templar x5  
  145  17:07  Dark Templar  
  145  17:08  Dark Templar  
  71  17:46  Stalker x6, Zealot  
  70  18:12  Zealot x7  
  57  18:34  Zealot  
  57  18:35  Zealot x4  
Tags
 
Add a new tag
Caveats
  • Supply blocks, unpowered buildings, or Contaminate may cause inaccurate times.
  • Supply counts are checked every 10 seconds.